 Dungeon Crawl Stone Soup version 0.30-a0-845-g7c6808c8ce (webtiles) character file.

Game seed: 16150870322011241337

140 cforsyth the Sneak (level 5, -6/32 HPs)
             Began as a Kobold Brigand on Mar 3, 2023.
             Mangled by an iguana (10 damage)
             ... on level 4 of the Dungeon.
             The game lasted 00:03:32 (3543 turns).

cforsyth the Sneak (Kobold Brigand)                 Turns: 3543, Time: 00:03:32

Health: -6/32      AC:  3    Str:  8 (9)  XL:     5   Next: 47%
Magic:  5/5        EV: 15    Int: 10 (12) God:
Gold:   215        SH:  0    Dex: 17 (18) Spells: 4/4 levels left

rFire   . . .      SeeInvis .    a - +2 dagger
rCold   . . .      Faith    .    (no shield)
rNeg    . . .      Spirit   .    b - +0 robe
rPois   +          Reflect  .    (no helmet)
rElec   .          Rampage  .    c - +0 cloak
rCorr   .                        (no gloves)
Will    .....                    (no boots)
Stlth   ++++                     (no amulet)
HPRegen 0.25/turn                s - ring of poison resistance
MPRegen 0.09/turn                (no ring)

@: brilliant, hasted, very quick
A: small, no large weapons, nightstalker 3
a: no special abilities


You were on level 4 of the Dungeon.
You visited 2 branches of the dungeon, and saw 5 of its levels.

You collected 215 gold pieces.

Inventory:

Hand Weapons
 a - a +2 dagger (weapon)
Missiles
 d - 19 poisoned darts (quivered)
 e - 3 curare-tipped darts
Armour
 b - a +0 robe (worn)
 c - a +0 cloak (worn)
Jewellery
 s - a ring of poison resistance (left hand)
Scrolls
 f - a scroll of noise {unknown}
 g - 3 scrolls of identify {unknown}
 i - a scroll of fear {unknown}
 j - 2 scrolls of blinking {unknown}
 p - 2 scrolls of poison {unknown}
 q - a scroll of enchant armour {unknown}
 t - a scroll of teleportation {unknown}
Potions
 k - a potion of flight
 l - a potion of lignification
 m - a potion of degeneration
 r - a potion of heal wounds


   Skills:
 + Level 3.3 Fighting
 + Level 4.1 Short Blades
 - Level 2.1 Throwing
 + Level 3.0 Dodging
 + Level 6.4 Stealth


You had 4 spell levels left.
You didn't know any spells.
Your spell library was empty.

Dungeon Overview and Level Annotations

Branches:
Dungeon (4/15)             Temple (1/1) D:4

Altars:
Ashenzari
Dithmenos
Elyvilon
Fedhas
Kikubaaqudgha
Makhleb
Okawaru
Trog
Uskayaw
Vehumet
Xom
Yredelemnul
Zin
The Shining One


Innate Abilities, Weirdness & Mutations

You are small and have problems with some larger weapons.
You are completely attuned to the shadows.


Message History

You are too injured to fight recklessly!
You are too injured to fight recklessly!
You are too injured to fight recklessly!
You are too injured to fight recklessly!
You are too injured to fight recklessly!
You are too injured to fight recklessly!
You are too injured to fight recklessly!
You are too injured to fight recklessly!
You are too injured to fight recklessly!
You barely miss the iguana.
The iguana is moderately wounded.
The iguana barely misses you.
You hit the iguana.
The iguana is heavily wounded.
You completely miss the iguana.
The iguana is heavily wounded.
The iguana bites you.
* * * LOW HITPOINT WARNING * * *
You hit the iguana but do no damage.
The iguana is heavily wounded.
The iguana barely misses you.
You hit the iguana.
The iguana is heavily wounded.
The iguana bites you.
* * * LOW HITPOINT WARNING * * *
You hit the iguana.
The iguana is severely wounded.
The iguana misses you.
Unknown command.
It was a potion of degeneration.
There was something very wrong with that liquid.
You feel weakened.
You feel dopey.
You feel clumsy. The iguana closely misses you.
It was a potion of magic.
Magic courses through your body. The iguana closely misses you.
It was a potion of brilliance.
You feel clever all of a sudden. The iguana closely misses you.
It was a potion of haste.
You feel yourself speed up. The iguana bites you!
You die...

#.#.#.#......# .............#
#.#.#.#.....## .............#
#.#.#.#.....# .............#
...#...###.. ............##
...#...# ... #..?#.........##
...#...## #.. #.⌠.#........##
#.#.#.#.# #.###...###.######
#.#.#.#.# #......l..[.#
#.#.#.#.###†.⌠..@..⌠..#
.#...#...##...........######
.#.<.#...##.###...###.#....###
.#...#...##...#.⌠.#..........##
#.#.#.#.###...#...#...........#
#.#.#.#.# #...................#
#.#.#.#.# #....#....>.........#
...#...## ####.............####
...#...# ##...##########


You could see an iguana.

Vanquished Creatures
  An orc wizard (D:4)
  3 adders
  2 worms
  3 dart slugs
  6 orcs
  11 ball pythons
  6 endoplasms
  A giant cockroach (D:1)
  4 goblins
  5 hobgoblins
  8 jackals
  A quokka (D:3)
  5 bats
  5 kobolds
  7 rats
68 creatures vanquished.

Notes
Turn   | Place    | Note
-------+----------+-------------------------------------------
     0 | D:1      | cforsyth the Kobold Brigand began the quest for the Orb.
     0 | D:1      | Reached XP level 1. HP: 12/12 MP: 1/1
    95 | D:1      | Reached XP level 2. HP: 11/18 MP: 2/2
   438 | D:1      | Found a faded altar of an unknown god.
   541 | D:1      | Reached XP level 3. HP: 22/22 MP: 3/3
  1484 | D:2      | Reached XP level 4. HP: 27/27 MP: 4/4
  1580 | D:3      | Reached skill level 6 in Stealth
  1890 | D:3      | Found a basalt altar of Yredelemnul.
  2349 | D:3      | Found a hide-covered altar of Uskayaw.
  2636 | D:4      | Reached XP level 5. HP: 28/32 MP: 5/5
  3130 | D:4      | Found a glowing golden altar of the Shining One.
  3292 | D:4      | Found a staircase to the Ecumenical Temple.
  3331 | Temple   | Entered the Ecumenical Temple
  3543 | D:4      | Mangled by an iguana

Illustrated notes

Levels and vault maps discovered:
D:1:      sevenhm_arrival_forest_fort_large_2, layout_basic,
          dreamdust_ecumenical_altar_statues
D:2:      layout_loops_ring
D:3:      layout_loops_ring, nicolae_overflow_crystal_walls,
          mainiacjoe_overflow_alcove_1
D:4:      nicolae_BIG_FREAKIN_CUBE, layout_cave_pods, lemuel_crystal_altar,
          minmay_temple_entry_junction_2
Temple:   bh_familiar_temple

Skill      XL: |  1  2  3  4  5 |
---------------+----------------+-----
Short Blades   | 3 4 |  4.1
Dodging        | 2 3 |  3.0
Stealth        | 6 |  6.4
Fighting       | 3 |  3.3
Throwing       | |  2.1

Action                     |  1- 3 |  4- 6 || total
---------------------------+-------+-------++-------
  Melee: Dagger            |    66 |   153 ||   219
         Punch             |       |     1 ||     1
    Use: Potion            |       |     7 ||     7
   Stab: Sleeping          |    17 |    12 ||    29
         Distracted        |     1 |       ||     1
 Armour: Robe              |     6 |    22 ||    28
         Skin              |       |    27 ||    27
  Dodge: Dodged            |    38 |    82 ||   120

Table legend: (Time is in decaauts)
 A = Elapsed time spent in this place.
 B = Non-inter-level travel time spent in this place.
 C = Inter-level travel time spent in this place.
 D = Time resting spent in this place.
 E = Time spent auto-exploring this place.
 F = Levels seen in this place.
 G = Mean time per level.
                   A        B        C        D        E       F      G
               +--------+--------+--------+--------+--------+-----+--------+
         Total |   3500 |   3378 |    122 |      0 |   2941 |   5 |  700.0 |
       Dungeon |   3301 |   3199 |    102 |      0 |   2763 |   4 |  825.2 |
        Temple |    198 |    178 |     20 |      0 |    178 |   1 |  198.0 |
               +--------+--------+--------+--------+--------+-----+--------+

Top non-repeatable levels by time:
     D:3: 883 daAuts
     D:4: 851 daAuts
     D:1: 834 daAuts
     D:2: 732 daAuts
  Temple: 198 daAuts
